 Dungeon Crawl Stone Soup version 0.28-a0-556-gab23d0e057 (webtiles) character file.

Game seed: 975643728556812438

4039 robertstho the Thaumaturge (level 10, -1/70 HPs)
             Began as a Djinni Fire Elementalist on Sept 28, 2021.
             Shot with an arrow by a centaur (7 damage)
             ... on level 8 of the Dungeon.
             The game lasted 00:11:49 (10254 turns).

robertstho the Thaumaturge (DjFE)                  Turns: 10254, Time: 00:11:49

Health: -1/70      AC:  5    Str:  7    XL:     10   Next: 48%
Gold:   342        EV: 11    Int: 20    God:
                   SH:  4    Dex: 14

rFire   + . .      SeeInvis .   a - +5 scimitar (freeze)
rCold   . . .      Faith    .   z - +0 buckler
rNeg    . . .      Spirit   .   w - +0 troll leather armour
rPois   ∞          Reflect  .   j - +0 helmet
rElec   .          Harm     .   (no cloak)
rCorr   .          Rampage  .   (no gloves)
Will    +....                   (boots unavailable)
Stlth   ++........              (no amulet)
HPRegen 1.21/turn               p - ring of ice
MPRegen 0.00/turn               (no ring)

@: flying
A: sickness immunity, fire resistance 2, cold vulnerability 1, float, innate
caster, hp casting, extra vitality 1
a: no special abilities


You were on level 8 of the Dungeon.
You visited 2 branches of the dungeon, and saw 9 of its levels.

You collected 342 gold pieces.

Inventory:

Hand Weapons
 a - a +5 scimitar of freezing (weapon)
 b - a +2 dagger of speed
 d - a +0 dagger of holy wrath
Armour
 j - a +0 helmet (worn)
 w - a +0 troll leather armour (worn)
 z - a +0 buckler (worn)
Jewellery
 p - a ring of ice (left hand)
Wands
 h - a wand of flame (44)
Scrolls
 l - a scroll of immolation
 n - a scroll of magic mapping
 r - a scroll of noise {unknown}
 s - a scroll of fog {unknown}
 t - a scroll of teleportation {unknown}
 u - a scroll of enchant armour
 v - 4 scrolls of identify
 x - a scroll of holy word {unknown}
 y - a scroll of torment {unknown}
 A - a scroll of blinking {unknown}
Potions
 c - a potion of cancellation {unknown}
 f - 2 potions of lignification
 g - a potion of haste {unknown}
 i - a potion of mutation {unknown}
 k - 4 potions of heal wounds {unknown}
 m - 3 potions of flight {unknown}
 o - a potion of magic {unknown}
 q - a potion of degeneration {unknown}


   Skills:
 * Level 5.3 Fighting
 + Level 0.5 Short Blades
 + Level 1.9 Armour
 + Level 2.9 Dodging
 + Level 2.8 Stealth
 + Level 1.2 Shields
 * Level 10.1 Spellcasting


You had 7 spell levels left.
You knew the following spells:

 Your Spells              Type           Power      Damage    Failure   Level
a - Foxfire               Conj/Fire      100%       2x1d9     1%          1
b - Scorch                Fire           100%       2d10      1%          2
c - Conjure Flame         Conj/Fire      50%        6-21      1%          3
d - Inner Flame           Hex/Fire       50%        N/A       1%          3
e - Flame Wave            Conj/Fire      50%        3d10      2%          4
f - Sting                 Tmut/Pois      100%       1d8       1%          1
g - Static Discharge      Conj/Air       50%        N/A       1%          2
h - Call Canine Familiar  Summ           50%        N/A       1%          3
i - Tukima's Dance        Hex            50%        N/A       1%          3
Your spell library was empty.

Dungeon Overview and Level Annotations

Branches:
Dungeon (8/15)             Temple (1/1) D:6
   Lair: D:8-11

Altars:
Ashenzari
Cheibriados
Dithmenos
Fedhas
Hepliaklqana
Kikubaaqudgha
Makhleb
Nemelex Xobeh
Okawaru
Qazlal
Ru
Sif Muna
Trog
Vehumet
Wu Jian
Xom
Yredelemnul
Zin
The Shining One

Annotations:
D:3 1 runed translucent door, freelancePsychic's ghost, amateur DjCj


Innate Abilities, Weirdness & Mutations

You are immune to sickness and miasma.
You are immune to poison.
Your flesh is very heat resistant. (rF++)
You are vulnerable to cold. (rC-)
You float through the air rather than walking.
You learn spells naturally, not from books.
Your magical power is your life essence.
You have superior vitality. (+4 HP)


Message History

A wraith comes into view.
Unknown command.
Okay, then.
You feel better.
The centaur shoots an arrow.
You block the arrow.
The bullfrog releases a deep croak.
The centaur shoots an arrow.
You block the arrow. The troll closely misses you. The troll claws you.
The troll claws you but does no damage.
Unknown command.
Casting: Flame Wave (dangerous; 2% risk of failure)
Confirm with . or Enter, or press ? or * to list all spells.
The bullfrog barely misses your wolf.
The centaur shoots an arrow.
The arrow hits you!
* * * LOW HITPOINT WARNING * * *
The troll bites you.
* * * LOW HITPOINT WARNING * * *
You block the troll's attack. The troll barely misses you.
The bullfrog hits your wolf.
Your wolf bites the bullfrog!
The centaur shoots an arrow.
The arrow barely misses your wolf. The arrow barely misses you.
An orc comes into view. It is wielding a +0 mace.
The orc shouts!
Your wolf bites the bullfrog!
The bullfrog misses your wolf.
The centaur unwields a +0 shortbow.
The centaur closely misses your wolf.
The centaur kicks your wolf but does no damage.
Your wolf bites the centaur!
A steam dragon comes into view.
The bullfrog hits your wolf.
Okay, then.
You feel better.
Your wolf bites the bullfrog.
The bullfrog dies!
The centaur wields a +0 shortbow.
The centaur shoots an arrow.
The arrow hits you.
* * * LOW HITPOINT WARNING * * *
The troll bites you!
* * * LOW HITPOINT WARNING * * *
The troll claws you.
* * * LOW HITPOINT WARNING * * *
The troll barely misses you.
Your wolf completely misses the troll.
The centaur shoots an arrow.
The arrow hits you!
You die...

###### #.....#
##....... #...#
#........ ##...#
#........ ##....#
#........ .....#
#@....... #...#
##.W......
#...###T........
#...#..†h.......
######.....##.c......
........#####.....o#.
#######.# #......D.
### #.# ##....### #.#
#.# #.#.#


You could see a troll (ally target), a wraith, a steam dragon, a centaur, an orc
and a friendly wolf (summoned).

Vanquished Creatures
  A troll (D:6)
  4 humans (D:6)
  A yak (D:8)
  Eustachio (D:4)
  An acid dragon (D:7)
  2 water moccasins
  2 ice beasts
  2 sky beasts
  A black bear (D:6)
  2 ogres
  2 centaurs
  2 scorpions (D:5)
  A bullfrog (D:6)
  A water moccasin zombie (D:5)
  A water moccasin skeleton (D:4)
  6 killer bees (D:8)
  5 wights (D:6)
  A howler monkey (D:5)
  3 bullfrog zombies
  3 jellies
  A gnoll shaman (D:6)
  2 orc priests
  2 hounds
  A centaur skeleton (D:7)
  Jessica (D:2)
  Terence (D:2)
  2 orc wizards
  A killer bee zombie (D:8)
  A hound skeleton (D:4)
  9 gnolls
  A howler monkey skeleton (D:7)
  8 adders
  A white imp (D:7)
  2 worms
  An adder skeleton (D:4)
  8 dart slugs
  8 orcs
  10 ball pythons
  10 bats
  3 endoplasms
  7 giant cockroaches
  9 goblins
  8 hobgoblins
  13 jackals
  9 kobolds
  5 quokkas
  5 frilled lizards
  3 rats
174 creatures vanquished.

Vanquished Creatures (collateral kills)
  A human (D:6)
  A centaur (D:6)
  A bullfrog (D:8)
3 creatures vanquished.

Vanquished Creatures (others)
  2 dancing weapons (D:6)
  295 foxfires
297 creatures vanquished.

Grand Total: 474 creatures vanquished

Notes
Turn   | Place    | Note
-------+----------+-------------------------------------------
     0 | D:1      | robertstho the Djinni Fire Elementalist began the quest for
                  | the Orb.
     0 | D:1      | Reached XP level 1. HP: 15/15 MP: 0/0
   364 | D:1      | Reached XP level 2. HP: 18/21 MP: 0/0
   757 | D:1      | Reached XP level 3. HP: 11/26 MP: 0/0
   757 | D:1      | Learned a level 1 spell: Sting
   985 | D:1      | Reached skill level 1 in Fighting
  1120 | D:1      | Reached skill level 3 in Spellcasting
  2238 | D:1      | Reached XP level 4. HP: 27/32 MP: 0/0
  2767 | D:2      | Noticed Jessica
  2772 | D:2      | Killed Jessica
  3025 | D:2      | Noticed Terence
  3029 | D:2      | Killed Terence
  3030 | D:2      | Reached XP level 5. HP: 32/37 MP: 0/0
  3030 | D:2      | Learned a level 2 spell: Static Discharge
  3731 | D:2      | Found a faded altar of an unknown god.
  3943 | D:3      | Reached skill level 4 in Spellcasting
  4252 | D:3      | Found a runed translucent door.
  4255 | D:3      | Noticed freelancePsychic's ghost (amateur DjCj)
  4922 | D:3      | Found a glowing silver altar of Zin.
  5010 | D:3      | Found a stormy altar of Qazlal.
  5345 | D:3      | Found a broken altar of Ashenzari.
  5424 | D:4      | Reached XP level 6. HP: 37/42 MP: 0/0
  6362 | D:4      | Noticed Eustachio
  6376 | D:4      | Killed Eustachio
  6377 | D:4      | Reached skill level 5 in Spellcasting
  6377 | D:4      | Reached XP level 7. HP: 20/49 MP: 0/0
  6377 | D:4      | Learned a level 3 spell: Call Canine Familiar
  6644 | D:4      | Found an ornate altar of the Wu Jian Council.
  6644 | D:4      | Found a bloodstained altar of Trog.
  6919 | D:5      | Entered Level 5 of the Dungeon
  7077 | D:5      | Found a blossoming altar of Fedhas.
  7256 | D:5      | Noticed a water moccasin
  7263 | D:5      | Killed a water moccasin
  7355 | D:5      | Reached skill level 6 in Spellcasting
  7355 | D:5      | Reached XP level 8. HP: 51/55 MP: 0/0
  8236 | D:6      | Reached skill level 7 in Spellcasting
  8302 | D:6      | Noticed a troll
  8312 | D:6      | Killed a troll
  8313 | D:6      | Reached XP level 9. HP: 50/61 MP: 0/0
  8313 | D:6      | Learned a level 3 spell: Tukima's Dance
  8567 | D:6      | Reached skill level 8 in Spellcasting
  8769 | D:6      | Reached skill level 1 in Armour
  8769 | D:6      | Reached skill level 9 in Spellcasting
  8918 | D:6      | Reached XP level 10. HP: 66/69 MP: 0/0
  9002 | D:6      | Found a staircase to the Ecumenical Temple.
  9301 | Temple   | Entered the Ecumenical Temple
  9718 | D:7      | Reached skill level 5 in Fighting
 10171 | D:8      | Reached skill level 1 in Shields
 10242 | D:8      | Reached skill level 10 in Spellcasting
 10254 | D:8      | Shot with an arrow by a centaur

Illustrated notes

Levels and vault maps discovered:
D:1:      dpeg_arrival_boxes_within_box, layout_basic, st_stairs_10,
          ebering_dispersal_statue_hall
D:2:      layout_basic, serial_glass, glass_columns_b, glass_columns_a,
          ebering_ecumenical_altar_webs, kennysheep_another_room, uniq_terence,
          uniq_jessica
D:3:      layout_basic, lemuel_coloured_pillars_altar,
          nicolae_qazlal_scattered_showers, zin_treasury,
          hellmonk_ghost_happy_afterlife, minmay_fractal_squares_diagonal_5
D:4:      layout_basic, gammafunk_temple_overflow_elements, uniq_eustachio
D:5:      layout_gridville, overflow_temple_1_default
D:6:      layout_basic, lemuel_temple_firewalk_b, minmay_ruffians
D:7:      layout_loops_ring
D:8:      layout_rooms, erik_lair_orcish_takeover, minmay_fractal_squares_5
Temple:   dshaligram_water_room_temple

Skill      XL: |  1  2  3  4  5  6  7  8  9 10 |
---------------+-------------------------------+-----
Fighting       | 1 2 3 4 5 |  5.3
Spellcasting   | 3 4 5 6 7 9 10 | 10.1
Stealth        | 2 |  2.8
Armour         | 1 |  1.9
Shields        | 1 |  1.2
Short Blades   | |  0.5
Dodging        | |  2.9

Action                   |  1- 3 |  4- 6 |  7- 9 | 10-12 || total
-------------------------+-------+-------+-------+-------++-------
Melee: Dagger            |       |    15 |     2 |       ||    17
       Scimitar          |       |       |       |     2 ||     2
 Cast: Foxfire           |    59 |    76 |    39 |       ||   174
       Scorch            |    22 |    68 |    65 |    24 ||   179
       Static Discharge  |       |     4 |       |       ||     4
       Flame Wave        |       |       |     7 |    10 ||    17
       Tukima's Dance    |       |       |     7 |       ||     7
       Call Canine Famil |       |       |     3 |     1 ||     4
  Use: Scroll            |       |       |     7 |       ||     7
       Potion            |       |       |     2 |     2 ||     4
Armor: Robe              |     4 |     7 |     4 |       ||    15
       Troll leather arm |       |       |     7 |     9 ||    16
Dodge: Dodged            |    16 |    19 |    31 |    20 ||    86
Block: Buckler           |       |       |       |     6 ||     6

Table legend: (Time is in decaauts)
 A = Elapsed time spent in this place.
 B = Non-inter-level travel time spent in this place.
 C = Inter-level travel time spent in this place.
 D = Time resting spent in this place.
 E = Time spent auto-exploring this place.
 F = Levels seen in this place.
 G = Mean time per level.
                   A        B        C        D        E       F      G
               +--------+--------+--------+--------+--------+-----+--------+
         Total |  10250 |  10007 |    243 |    189 |   8707 |   9 | 1138.9 |
       Dungeon |  10161 |   9940 |    221 |    189 |   8659 |   8 | 1270.1 |
        Temple |     88 |     66 |     22 |      0 |     48 |   1 |   88.0 |
               +--------+--------+--------+--------+--------+-----+--------+

Top non-repeatable levels by time:
     D:1: 2446 daAuts
     D:3: 1557 daAuts
     D:4: 1497 daAuts
     D:2: 1415 daAuts
     D:5: 1234 daAuts
     D:6: 1173 daAuts
     D:7: 749 daAuts
  Temple: 88 daAuts
     D:8: 86 daAuts
